 Dungeon Crawl Stone Soup version 0.20.1-1-g8b1a95d (webtiles) character file.

46 Gobbopathe the Insei (level 3, -1/18 HPs)
             Began as a Vine Stalker Transmuter on Oct 4, 2017.
             Slain by a gnoll
             ... wielding a +1 flail of holy wrath
              (7 damage)
             ... on level 2 of the Dungeon.
             The game lasted 00:03:09 (1061 turns).

Gobbopathe the Insei (Vine Stalker Transmuter)      Turns: 1061, Time: 00:03:09

Health: -1/18      AC:  5    Str: 12    XL:     3   Next: 66%
Magic:  0/8        EV: 12    Int: 13    God:
Gold:   53         SH:  0    Dex: 15    Spells: 1/7 levels left

rFire    . . .     SeeInvis .     - Unarmed
rCold    + . .     Gourm    .   (no shield)
rNeg     . . .     Faith    .   f - +2 leather armour {rC+}
rPois    .         Spirit   +   (no helmet)
rElec    .         Reflect  .   (no cloak)
rCorr    .         Harm     .   (no gloves)
MR       .....     Rnd*Tele +   (boots currently unavailable)
Stlth    +.........             (no amulet)
Regen    0.1/turn               n - ring of teleportation (curse)
MPRegen  0.2/turn               (no ring)

@: appendage
A: fangs 2, talons 3, magic shield, antimagic bite, no potion heal 3, rot
immunity
a: End Transformation


You were on level 2 of the Dungeon.
You were not hungry.
You had grown temporary talons.
You visited 1 branch of the dungeon, and saw 2 of its levels.

You collected 53 gold pieces.

Inventory:

Hand Weapons
 h - a +0 short sword
Missiles
 a - 12 arrows
 i - 49 stones (quivered)
Armour
 b - a +0 robe
 f - a +2 leather armour of cold resistance (worn)
Jewellery
 n - a cursed ring of teleportation (left hand)
Scrolls
 g - a scroll of identify
Potions
 e - a potion of curing
 k - a potion of agility {unknown}
 m - 2 potions of degeneration {unknown}
Books
 c - a book of Changes

   Spells                             Type                      Level
   a - Beastly Appendage              Transmutation                1
   b - Sticks to Snakes               Transmutation                2
   c - Spider Form                    Transmutation/Poison         3
   d - Ice Form                       Ice/Transmutation            4
   e - Blade Hands                    Transmutation                5
Comestibles
 d - 2 bread rations
 j - 3 chunks of flesh


   Skills:
 + Level 1.6 Fighting
 - Level 1.5 Dodging
 * Level 3.3 Unarmed Combat
 + Level 2.8 Spellcasting
 * Level 2.5 Transmutations


You had one spell level left.
You knew the following spells:

 Your Spells              Type           Power        Failure   Level  Hunger
a - Beastly Appendage     Tmut           #.....       11%         1    #......
b - Sticks to Snakes      Tmut           #.......     16%         2    ###....
c - Spider Form           Tmut/Pois      #.........   47%         3    ###....


Dungeon Overview and Level Annotations

Branches:
Dungeon (2/15)

Altars:


Innate Abilities, Weirdness & Mutations

You have extremely sharp teeth.
When hurt, damage is shared between your health and your magic reserves.
Your bite disrupts and absorbs the magic of your enemies.
Potions cannot restore your health.
You are immune to rotting.
You have claws for feet.


Message History

You kill the leopard gecko!
You barely miss the rat. Your bite misses the rat. The rat misses you.
You hit the rat. You bite the rat. You drain its power.
You kill the rat!
Your horns disappear.
You hit the gnoll. Your bite misses the gnoll.
The gnoll is lightly wounded.
The gnoll hits you with a flail of holy wrath!
You are too injured to fight recklessly!
You barely miss the gnoll.
The gnoll is lightly wounded.
You hit the gnoll. You bite the gnoll. You drain its power.
You feel invigorated.
The gnoll is heavily wounded.
The gnoll hits you with a flail of holy wrath.
Casting: Beastly Appendage
Confirm with . or Enter, or press ? or * to list all spells.
Your feet morph into talons.
The gnoll hits you with a flail of holy wrath!
You die...

....#.......#....##.......#
..###.......#.............#
#...........#.........######.
#####...........)............
...#####....#.####........
###.#. #......# #........
..#..?#...#### #........
...#......########........
#..†bg@..÷.........
#.#########........ #.######.
#.# #.# #.# #.# #.# #.#


You could see a gnoll and a bat.

Vanquished Creatures
  An ooze (D:1)
  2 dart slugs (D:1)
  4 leopard geckos
  3 giant cockroaches (D:2)
  4 goblins (D:1)
  3 hobgoblins
  2 jackals (D:2)
  A quokka (D:2)
  A ball python (D:2)
  5 bats
  2 kobolds (D:1)
  3 rats
31 creatures vanquished.

Notes
Turn   | Place    | Note
-------+----------+-------------------------------------------
     0 | D:1      | Gobbopathe the Vine Stalker Transmuter began the quest for the Orb.
     0 | D:1      | Reached XP level 1. HP: 9/9 MP: 4/4
    96 | D:1      | Reached skill level 1 in Fighting
   300 | D:1      | Reached XP level 2. HP: 6/14 MP: 3/6
   877 | D:1      | Reached XP level 3. HP: 18/18 MP: 5/7
   881 | D:1      | Learned a level 2 spell: Sticks to Snakes
   885 | D:1      | Learned a level 3 spell: Spider Form
  1061 | D:2      | Slain by a gnoll

Skill      XL: |  1 |
---------------+----+-----
Fighting       | 1 |  1.6
Dodging        | |  1.5
Unarmed Combat | |  3.3
Spellcasting   | |  2.8
Transmutations | |  2.5

Action                   || total
-------------------------++-------
Melee: Unarmed           ||    95
       Headbutt          ||     8
       Bite              ||    19
       Kick              ||     9
       Punch             ||     1
 Cast: Beastly Appendage ||    19
  Use: Scroll            ||     2
  Eat: Chunk             ||     1
Armor: Leather armour    ||    22
Dodge: Dodged            ||    52
